 Dungeon Crawl Stone Soup version 0.14-a0-3345-g9255d23 (webtiles) character file.

267 Kae the Ruinous (level 5, 0/28 HPs)
             Began as a Tengu Fire Elementalist on Mar 17, 2014.
             Succumbed to a worker ant's poison
             ... on Level 3 of the Dungeon.
             The game lasted 00:04:15 (3002 turns).

Kae the Ruinous (Tengu Fire Elementalist)           Turns: 3002, Time: 00:04:16

HP   0/28        AC  2     Str  8      XL: 5   Next: 17%
MP   2/11        EV 13     Int 15      God:
Gold 133         SH  0     Dex 16      Spells:  1 memorised,  8 levels left

rFire  + . .     SeeInvis .     l - +1,+2 dagger (venom)
rCold  x . .     Clarity  .     a - +0 robe
rNeg   + . .     Conserve .     (no shield)
rPois  .         rCorr    .     (helmet restricted)
rElec  .         rRot     .     (no cloak)
SustAb . .       Spirit   .     (no gloves)
rMut   .         Warding  +     (boots unavailable)
Saprov . . .     Stasis   .     d - amulet of warding {unknown}
MR     .....                    (no ring)
                                i - ring of fire

@: lethally poisoned, very slightly contaminated, hasted, very quick, not
resistant to hostile enchantments, fairly stealthy
A: able to fly, beak, talons 3, agile 1, dopey 1, screaming 1
a: Fly


You were on level 3 of the Dungeon.
You were starving.

You visited 1 branch of the dungeon, and saw 4 of its levels.

You collected 133 gold pieces.

Inventory:

Hand weapons
 l - a +1,+2 dagger of venom (weapon)
Armour
 a - a +0 robe (worn)
Magical devices
 e - a wand of polymorph (15) {unknown}
Comestibles
 c - 4 bread rations
 f - a choko
 h - a meat ration
 k - a pear
Scrolls
 j - 2 scrolls of teleportation
 n - a scroll of identify {unknown}
 r - a scroll of blinking {unknown}
Jewellery
 d - an amulet of warding (around neck) {unknown}
 i - a ring of fire (left hand)
 m - a +1 ring of evasion {unknown}
Potions
 g - 2 potions of haste
Books
 b - a book of Flames

   Spells                             Type                      Level
   *Flame Tongue                      Conjuration/Fire             1
   Throw Flame                        Conjuration/Fire             2
   Conjure Flame                      Conjuration/Fire             3
   Inner Flame                        Hexes/Fire                   3
   Sticky Flame                       Conjuration/Fire             4
   Fireball                           Conjuration/Fire             5
 p - a book of Air

   Spells                             Type                      Level
   Shock                              Conjuration/Air              1
   Swiftness                          Charms/Air                   2
   Repel Missiles                     Charms/Air                   2
   Flight                             Charms/Air                   3
   Static Discharge                   Conjuration/Air              3
   Lightning Bolt                     Conjuration/Air              5


   Skills:
 - Level 2.1 Dodging
 - Level 2.0 Stealth
 + Level 2.7 Spellcasting
 * Level 4.4 Conjurations
 * Level 4.4 Fire Magic


You had 8 spell levels left.
You knew the following spells:

 Your Spells              Type           Power        Failure   Level  Hunger
a - Flame Tongue          Conj/Fire      ###..        3%          1    #......


Dungeon Overview and Level Annotations

Branches:
Dungeon (4/15)
 Temple: D:4-7

Altars:
Elyvilon
Nemelex Xobeh

Annotations:
D:4 Dowan, Duvessa, Edmund


Innate Abilities, Weirdness & Mutations

You can fly.
You have a beak for a mouth.
You have claws for feet.
You are agile. (Dex +2)
You are dopey. (Int -2)
You occasionally shout uncontrollably.


Message History

* * * LOW HITPOINT WARNING * * *
You feel sick.
* * * LOW HITPOINT WARNING * * *
You feel sick.
Drink which item? (? for menu, Esc to quit)
You feel extremely strange.
You feel the urge to shout.
You feel stupid.
You feel agile.
It was a potion of mutation.
* * * LOW HITPOINT WARNING * * *
You feel sick.
Read which item? (? for menu, Esc to quit)
Okay, then.
Drink which item? (? for menu, Esc to quit)
Okay, then.
Drink which item? (? for menu, Esc to quit)
You feel yourself speed up.
* * * LOW HITPOINT WARNING * * *
You feel sick.
You are very lightly contaminated with residual magic.
You die...

# #######
####.....#
..##.###.# .....#
#.#########
#>##.###.........#
#.##.....#######@#
#.######## #.# ..#
#>## ### #..# #
##.# # ####### #.#
# #.....# #.# #
#.....# ### #.#
#.....# ##.###.#


There were no monsters in sight!

Vanquished Creatures
  A worker ant (D:3)
  5 adders
  A worm (D:3)
  2 giant geckos (D:3)
  An ooze (D:2)
  6 orcs (D:3)
  5 bats
  8 hobgoblins
  7 kobolds
  6 giant cockroaches
  7 giant newts
  6 goblins
  3 rats
58 creatures vanquished.

Notes
Turn   | Place    | Note
--------------------------------------------------------------
     0 | D:1      | Kae, the Tengu Fire Elementalist, began the quest for the Orb.
     0 | D:1      | Reached XP level 1. HP: 10/10 MP: 3/3
   220 | D:1      | Reached XP level 2. HP: 15/15 MP: 1/5
   898 | D:2      | Reached XP level 3. HP: 15/19 MP: 4/7
  1000 | D:2      | Found a sparkling altar of Nemelex Xobeh.
  1004 | D:2      | Found a white marble altar of Elyvilon.
  1912 | D:3      | Reached XP level 4. HP: 24/24 MP: 1/9
  2075 | D:3      | Reached skill level 4 in Fire Magic
  2613 | D:4      | Noticed Edmund
  2645 | D:4      | Noticed Duvessa
  2645 | D:4      | Noticed Dowan
  2769 | D:3      | HP: 1/24 [poisoned by Duvessa]
  2990 | D:3      | Reached XP level 5. HP: 12/28 MP: 1/11
  2999 | D:3      | Gained mutation: You occasionally shout uncontrollably. [potion of mutation]
  2999 | D:3      | Gained mutation: You are dopey. (Int -2) [potion of mutation]
  2999 | D:3      | Gained mutation: You are agile. (Dex +2) [potion of mutation]
  3000 | D:3      | HP: 1/28 [poisoned by a worker ant]
  3002 | D:3      | Succumbed to a worker ant's poison

Action                   |  1- 3 |  4- 6 || total
-------------------------+-------+-------++-------
Melee: Unarmed           |    30 |     7 ||    37
       Dagger            |       |    13 ||    13
 Cast: Flame Tongue      |    63 |    40 ||   103
  Use: Potion            |     4 |     4 ||     8
       Scroll            |     3 |       ||     3
